 Dungeon Crawl Stone Soup version 0.30.0-3-ga4e48a9924 (webtiles) character file.

Game seed: 12117868150023013848

21529 adizb the Markself (level 12, -10/83 HPs)
             Began as a Deep Elf Hunter on May 8, 2023.
             Was an Elder of Vehumet.
             Mangled by an alligator (11 damage)
             ... on level 1 of the Lair of Beasts.
             The game lasted 01:04:34 (10097 turns).

adizb the Markself (Deep Elf Hunter)               Turns: 10097, Time: 01:04:48

Health: -10/83     AC:  7    Str: 12    XL:     12   Next: 55%
Magic:  0/28       EV: 10    Int: 18    God:    Vehumet [****..]
Gold:   379        SH:  0    Dex: 21    Spells: 24/31 levels left

rFire   . . .        p - +7 arbalest of Vidar {penet, rC+}
rCold   + + .        (shield currently unavailable)
rNeg    . . .        u - +2 robe of the Playwright {rCorr Int+3}
rPois   +            T - +0 helmet
rElec   .            n - +0 cloak
rCorr   +            (no gloves)
SInv    .            i - +0 pair of boots
Will    +....        R - amulet of guardian spirit
Stlth   +++          e - ring of poison resistance
HPRegen 0.33/turn    q - ring of wizardry
MPRegen 0.21/turn

%: guardian spirit, wizardry (x1)
@: constricted, invisible
A: cold resistance 1, robust 1, strong 1
a: Renounce Religion


You were on level 1 of the Lair of Beasts.
You worshipped Vehumet.
Vehumet was greatly pleased with you.
You visited 4 branches of the dungeon, and saw 14 of its levels.

You collected 691 gold pieces.
You spent 312 gold pieces at shops.

Inventory:

Hand Weapons
 a - a +0 shortbow of draining
 p - the +7 arbalest of Vidar (weapon) {penet, rC+}
   (You found it on level 3 of the Dungeon)

   rC:        It protects you from cold.
Armour
 i - a +0 pair of boots (worn)
 n - a +0 cloak (worn)
 u - the +2 robe of the Playwright (worn) {rCorr Int+3}
   (You bought it in a shop on level 4 of the Dungeon)

   Int:       It affects your intelligence (+3).
   rCorr:     It protects you from acid and corrosion.
 D - +0 steam dragon scales
 J - a +1 plate armour of poison resistance
 P - the +0 robe of the Depths {rPois rC+ Dex+2}
   (You bought it in a shop on level 9 of the Dungeon)

   Dex:       It affects your dexterity (+2).
   rC:        It protects you from cold.
   rPois:     It protects you from poison.
 T - a +0 helmet (worn)
Jewellery
 e - a ring of poison resistance (left hand)
 m - a ring of ice
 o - a ring of wizardry
 q - a ring of wizardry (right hand)
 R - an amulet of guardian spirit (around neck)
Wands
 d - a wand of flame (50)
 y - a wand of paralysis (14)
 E - a wand of roots (7)
 O - a wand of mindburst (11)
 Q - a wand of digging (2)
Scrolls
 b - 5 scrolls of immolation
 f - a scroll of torment {unknown}
 h - 2 scrolls of fog
 k - 2 scrolls of enchant armour
 r - 2 scrolls of fear
 t - 4 scrolls of vulnerability
 w - 6 scrolls of teleportation
 K - a scroll of amnesia {unknown}
 L - 2 scrolls of enchant weapon
 M - a scroll of poison {unknown}
 N - 2 scrolls of summoning
 S - a scroll of magic mapping
 U - a scroll of brand weapon
Potions
 c - a potion of magic {unknown}
 g - 4 potions of flight
 j - a potion of heal wounds
 l - a potion of lignification {unknown}
 s - 2 potions of invisibility
 x - 3 potions of cancellation {unknown}
 z - 2 potions of haste
 A - 8 potions of curing
 B - a potion of degeneration {unknown}
 C - a potion of berserk rage {unknown}
 F - a potion of experience {unknown}
 G - 2 potions of might {unknown}
 H - a potion of brilliance {unknown}
 V - a potion of attraction {unknown}
Miscellaneous
 I - a piece from Xom's chessboard (15/15)


   Skills:
 + Level 9.1 Fighting
 * Level 19.5 Ranged Weapons
 + Level 0.3 Armour
 + Level 3.1 Dodging
 + Level 3.1 Stealth
 + Level 10.2 Spellcasting
 - Level 5.0 Conjurations
 - Level 6.0 Hexes
 + Level 0.3 Evocations


You had 24 spell levels left.
You knew the following spells:

 Your Spells              Type           Power      Damage    Failure   Level
a - Slow                  Hex            100%       N/A       1%          1
b - Fulminant Prism       Conj/Hex       14%        3d8       1%          4
c - Blink                 Tloc           18%        N/A       4%          2

Your spell library contained the following spells:

 Spells                   Type           Power      Damage    Failure   Level
 Frozen Ramparts          Ice            18%        1d3       3%          3
 Magic Dart               Conj           100%       1d8       1%          1
 Momentum Strike          Conj/Tloc      36%        3d9       1%          2
 Searing Ray              Conj           54%        2d6       1%          2
 Static Discharge         Conj/Air       36%        2-4/arc   1%          2
 Confusing Touch          Hex            30%        N/A       1%          3
 Lesser Beckoning         Tloc           18%        N/A       4%          2
 Sublimation of Blood     Necr           9%         N/A       4%          2
 Wereblood                Tmut           9%         N/A       4%          2
 Airstrike                Air            4%         2d(1-17)  9%          4
 Vampiric Draining        Necr           9%         2d6       10%         3
 Summon Lightning Spire   Summ/Air       9%         N/A       30%         4
 Summon Hydra             Summ           4%         N/A       100%        7


Dungeon Overview and Level Annotations

Branches:
Dungeon (11/15)            Temple (1/1) D:7            Lair (1/5) D:8
    Orc (1/2) D:9

Altars:
Ashenzari
Dithmenos
Elyvilon
Gozag
Hepliaklqana
Kikubaaqudgha
Makhleb
Nemelex Xobeh
Okawaru
Qazlal
Ru
Sif Muna
Trog
Uskayaw
Vehumet
Xom
Yredelemnul
Zin
The Shining One

Shops:
D:4 [(=[   D:9 [   D:10 (


Innate Abilities, Weirdness & Mutations

Your flesh is cold resistant. (rC+)
You are robust. (+10% HP)
Your muscles are strong. (Str +4, Int/Dex -1)


Message History

The anaconda grabs you. The anaconda misses you. The anaconda constricts you.
The alligator barely misses you.
The alligator tail-slaps you but does no damage.
Aiming: Fulminant Prism (mildly dangerous; 1% risk of failure)
Press: ? - help, Q - select action, (/) - cycle Dir - move target, p - anaconda You conjure a prism of explosive energy!
A fulminant prism comes into view.
The anaconda completely misses you. The anaconda constricts you.
The anaconda bites you. The anaconda constricts you. The alligator bites you!!
The alligator closely misses you.
Aiming: Slow (safe; 1% risk of failure)
Press: ? - help, Q - select action, (/) - cycle Shift-Dir - straight line, f - alligator
Aim: an alligator (heavily wounded, covering ground quickly, chance to affect: 38%)
The alligator resists with some effort.
The anaconda bites you! The anaconda constricts you. The alligator bites you.
The alligator tail-slaps you but does no damage.
The anaconda bites you! The anaconda constricts you.
Your fulminant prism crackles loudly.
You feel much better. The anaconda closely misses you.
The anaconda constricts you. The alligator bites you!
The alligator tail-slaps you but does no damage.
The anaconda closely misses you. The anaconda constricts you.
The alligator bites you!!
* * * LOW HITPOINT WARNING * * *
The alligator tail-slaps you.
* * * LOW HITPOINT WARNING * * *
Your fulminant prism explodes!
The blast of energy engulfs the alligator!
The alligator is heavily wounded.
The blast of energy engulfs the anaconda!
The anaconda is severely wounded.
The blast of energy engulfs the steam dragon!
The steam dragon is severely wounded.
You fade into invisibility!
The anaconda barely misses you. The anaconda constricts you.
* * * LOW HITPOINT WARNING * * *
The alligator bites you!
* * * LOW HITPOINT WARNING * * *
The alligator tail-slaps you!
You die...

.#+#....P###.####.##.## ####...
...#....P#...########## ######..÷
...#....#######≈≈≈≈≈≈≈##....##...
...#....# #≈≈≈≈~≈≈≈≈#...##....
...#....# #≈≈~...≈≈≈≈...###...
...#....# ##≈~.....~≈~≈# #...
..##....# #≈≈~..#......#####...
........# #≈≈~..#.....##.##.÷..
.......###[(#≈~.@##...........>..
.......###$y#≈≈tS##..............
........#S$!#≈≈~†.#..............
........#Sth#≈≈≈..##.............
.......## ..##D~..###............
....)..## ..#≈≈~.#.####'.#####..
........####'#≈S≈...# ##.#.####..
.###...###...~≈≈≈...###......#...
.##P...##...≈≈≈≈≈~...#.......##..


You could see an alligator (swift, unable to see you), an anaconda (unable to
see you), a steam dragon (unable to see you) and a water moccasin (wandering,
unable to see you).

Vanquished Creatures
  Harold (D:11)
  A hydra (Lair:1)
  A dancing weapon (D:8)
  3 two-headed ogres
  5 death yaks (D:8)
  A deep elf zephyrmancer (D:7)
  A necromancer (D:10)
  The ghost of Rudyous the Conjurer, a novice DsFE (D:8)
  An ugly thing (D:8)
  3 manticores
  An elephant (Lair:1)
  A torpor snail (Lair:1)
  A black mamba (Lair:1)
  A cane toad (Lair:1)
  A rime drake (Lair:1)
  2 komodo dragons (Lair:1)
  A troll (Orc:1)
  A hornet (Lair:1)
  Grinder (D:6)
  A shadow (D:9)
  Sigmund (D:2)
  3 slime creatures (D:9)
  2 vampires (D:10)
  13 yaks
  4 steam dragons
  2 wraiths
  A basilisk (Lair:1)
  2 wyverns
  Grum (D:8)
  A two-headed ogre zombie (D:9)
  A warg (Orc:1)
  2 water moccasins
  An acid dragon (D:9)
  An ice beast (D:6)
  7 orc warriors
  A sky beast (D:7)
  2 black bears
  6 wolves
  2 ogres
  6 centaurs
  3 phantoms
  A kobold brigand (D:9)
  5 bullfrogs
  12 wights
  2 troll zombies (D:9)
  3 howler monkeys
  2 jellies
  5 orc priests
  Crazy Yiuf (D:2)
  A gnoll bouda (D:8)
  4 hounds
  3 iguanas
  A sleepcap (D:8)
  Natasha (thrice) (D:2)
  8 orc wizards
  A polar bear simulacrum (D:10)
  2 yak simulacra (D:10)
  6 wolf simulacra (D:10)
  5 ogre zombies (D:9)
  6 adders
  10 gnolls
  2 white imps
  4 worms
  6 dart slugs
  39 orcs
  6 bats
  3 endoplasms
  4 giant cockroaches
  4 goblins
  5 hobgoblins
  6 quokkas
  9 ball pythons
  2 frilled lizards
  5 goblin zombies (D:9)
  A hobgoblin skeleton (D:9)
  2 hobgoblin zombies (D:9)
  12 kobolds
  5 orc skeletons (D:9)
  12 orc zombies (D:9)
  14 rats
  2 river rat simulacra (D:10)
  A fulminant prism (Lair:1)
316 creatures vanquished.

Vanquished Creatures (others)
  6 fulminant prisms
  2 fungi (Lair:1)
  3 plants
11 creatures vanquished.

Grand Total: 327 creatures vanquished

Notes
Turn   | Place    | Note
-------+----------+-------------------------------------------
     0 | D:1      | adizb the Deep Elf Hunter began the quest for the Orb.
     0 | D:1      | Reached XP level 1. HP: 12/12 MP: 3/3
   266 | D:1      | Reached XP level 2. HP: 17/17 MP: 4/4
   323 | D:1      | Found a faded altar of an unknown god.
   901 | D:1      | Reached XP level 3. HP: 7/21 MP: 5/5
  1029 | D:2      | Noticed Natasha
  1033 | D:2      | Killed Natasha
  1034 | D:2      | Reached skill level 6 in Ranged Weapons
  1156 | D:2      | Noticed Sigmund
  1162 | D:2      | Killed Sigmund
  1163 | D:2      | Reached skill level 7 in Ranged Weapons
  1163 | D:2      | Reached XP level 4. HP: 17/27 MP: 6/6
  1163 | D:2      | Reached XP level 5. HP: 21/32 MP: 7/7
  1327 | D:2      | Noticed Natasha
  1362 | D:2      | Found a runed translucent door.
  1363 | D:2      | Noticed Crazy Yiuf
  1370 | D:2      | Killed Crazy Yiuf
  1371 | D:2      | Reached XP level 6. HP: 37/37 MP: 8/8
  1421 | D:2      | Killed Natasha
  1422 | D:2      | Reached skill level 8 in Ranged Weapons
  1598 | D:2      | Noticed Natasha
  1602 | D:2      | Killed Natasha
  2021 | D:3      | Identified the +7 arbalest of Vidar {penet, rC+}
  2128 | D:3      | Noticed a moth of wrath
  2131 | D:3      | Found a bloodstained altar of Trog.
  2676 | D:4      | Reached skill level 9 in Ranged Weapons
  2679 | D:4      | Found Gibach's Antique Armour Shoppe.
  2694 | D:4      | Bought a brightly glowing robe for 136 gold pieces
  2694 | D:4      | Identified the +2 robe of the Playwright {rCorr Int+3} (You
                  | bought it in a shop on level 4 of the Dungeon)
  2794 | D:4      | Reached XP level 7. HP: 41/41 MP: 9/9
  2869 | D:4      | Found Sep Kayc's Antique Armour Shoppe.
  2913 | D:4      | Found Afialul's Antique Weapon Boutique.
  2981 | D:4      | Found Xaop's Jewellery Boutique.
  3171 | D:5      | Entered Level 5 of the Dungeon
  3208 | D:5      | Found a glowing golden altar of the Shining One.
  3745 | D:5      | Reached skill level 10 in Ranged Weapons
  4216 | D:6      | Reached skill level 11 in Ranged Weapons
  4216 | D:6      | Reached XP level 8. HP: 38/48 MP: 10/10
  4248 | D:6      | Noticed Grinder
  4260 | D:6      | Killed Grinder
  4493 | D:6      | Reached skill level 5 in Fighting
  4558 | D:6      | Reached skill level 12 in Ranged Weapons
  4897 | D:7      | Gained mutation: Your magical capacity is low. (-10% MP)
                  | [potion of mutation]
  4897 | D:7      | Gained mutation: Your mind is acute. (Int +4, Str/Dex -1)
                  | [potion of mutation]
  4897 | D:7      | Gained mutation: You have sharp toenails. [potion of
                  | mutation]
  4898 | D:7      | Lost mutation: Your mind is acute. (Int +4, Str/Dex -1)
                  | [potion of mutation]
  4898 | D:7      | Lost mutation: Your magical capacity is low. (-10% MP)
                  | [potion of mutation]
  4898 | D:7      | Lost mutation: You have sharp toenails. [potion of
                  | mutation]
  4898 | D:7      | Gained mutation: You occasionally lose the ability to drink
                  | potions when taking damage. [potion of mutation]
  4898 | D:7      | Gained mutation: You have an increased reservoir of magic.
                  | (+10% MP) [potion of mutation]
  4921 | D:7      | Found a staircase to the Ecumenical Temple.
  4933 | Temple   | Entered the Ecumenical Temple
  4962 | Temple   | Became a worshipper of Vehumet
  5146 | D:7      | Reached skill level 13 in Ranged Weapons
  5150 | D:7      | Reached XP level 9. HP: 55/55 MP: 11/11
  5391 | D:7      | Noticed a deep elf zephyrmancer
  5396 | D:7      | Killed a deep elf zephyrmancer
  5486 | D:8      | Reached skill level 14 in Ranged Weapons
  5486 | D:8      | Reached skill level 1 in Spellcasting
  5646 | D:8      | Found an ancient bone altar of Kikubaaqudgha.
  5646 | D:8      | Found a broken altar of Ashenzari.
  5699 | D:8      | Reached * piety under Vehumet
  5699 | D:8      | Offered knowledge of Magic Dart by Vehumet.
  5795 | D:8      | Reached skill level 15 in Ranged Weapons
  5967 | D:8      | Noticed a death yak
  5968 | D:8      | Noticed a death yak
  5976 | D:8      | Noticed a death yak
  5988 | D:8      | Killed a death yak
  5989 | D:8      | Reached XP level 10. HP: 61/61 MP: 18/20
  6000 | D:8      | Killed a death yak
  6000 | D:8      | Noticed a death yak
  6001 | D:8      | Reached skill level 5 in Spellcasting
  6002 | D:8      | Killed a death yak
  6003 | D:8      | Reached skill level 16 in Ranged Weapons
  6005 | D:8      | Killed a death yak
  6070 | D:8      | Learned a level 1 spell: Slow
  6094 | D:8      | Found a staircase to the Lair.
  6134 | D:8      | Noticed a death yak
  6139 | D:8      | Killed a death yak
  6140 | D:8      | Reached skill level 1 in Hexes
  6162 | D:8      | Noticed Grum
  6168 | D:8      | Killed Grum
  6169 | D:8      | Reached skill level 17 in Ranged Weapons
  6174 | D:8      | Reached XP level 11. HP: 42/68 MP: 25/25
  6221 | D:8      | Noticed a red ugly thing
  6228 | D:8      | Killed a red ugly thing
  6228 | D:8      | Reached ** piety under Vehumet
  6228 | D:8      | Offered knowledge of Shock by Vehumet.
  6308 | D:8      | Found a runed translucent door.
  6308 | D:8      | Found a shimmering altar of Xom.
  6308 | D:8      | Noticed Rudyous's ghost (novice DsFE)
  6311 | D:8      | Noticed a +1 rapier of chaos
  6494 | D:8      | Noticed a two-headed ogre
  6503 | D:8      | Killed a two-headed ogre
  6845 | D:9      | Offered knowledge of Static Discharge by Vehumet.
  7019 | D:9      | Reached *** piety under Vehumet
  7033 | D:9      | Found a staircase to the Orcish Mines.
  7104 | D:9      | Offered knowledge of Sticky Flame by Vehumet.
  7169 | D:9      | Found Piuwneb's Antique Armour Emporium.
  7177 | D:9      | Bought a tattered robe for 176 gold pieces
  7177 | D:9      | Identified the +0 robe of the Depths {rPois rC+ Dex+2} (You
                  | bought it in a shop on level 9 of the Dungeon)
  7280 | D:9      | Reached skill level 1 in Conjurations
  7361 | D:9      | Learned a level 4 spell: Fulminant Prism
  7365 | D:10     | Entered Level 10 of the Dungeon
  7438 | Lair:1   | Entered Level 1 of the Lair of Beasts
  7450 | Lair:1   | Noticed a five-headed hydra
  7646 | D:8      | Killed a +1 rapier of chaos
  7647 | D:8      | Reached skill level 18 in Ranged Weapons
  7649 | D:8      | Killed Rudyous's ghost
  7650 | D:8      | Reached skill level 5 in Hexes
  7937 | Orc:1    | Entered Level 1 of the Orcish Mines
  7958 | Orc:1    | Noticed a two-headed ogre
  7958 | Orc:1    | Noticed a two-headed ogre
  7960 | Orc:1    | Noticed a two-headed ogre
  7960 | Orc:1    | Noticed an ogre mage
  7965 | Orc:1    | Noticed a two-headed ogre
  7967 | Orc:1    | Killed a two-headed ogre
  7967 | Orc:1    | Killed a two-headed ogre
  7968 | Orc:1    | Noticed a two-headed ogre
  8180 | D:10     | Found Ogaacsea's Antique Weapon Boutique.
  8504 | D:10     | Noticed a necromancer
  8512 | D:10     | Killed a necromancer
  8543 | D:10     | Reached **** piety under Vehumet
  8546 | D:10     | Offered knowledge of Frozen Ramparts by Vehumet.
  8666 | D:10     | Reached XP level 12. HP: 75/75 MP: 29/29
  8670 | D:10     | Learned a level 2 spell: Blink
  8960 | D:11     | Noticed Harold
  8961 | D:11     | Noticed a boulder beetle
  8967 | D:11     | Killed Harold
  9256 | Lair:1   | Reached skill level 19 in Ranged Weapons
  9467 | Lair:1   | Killed a five-headed hydra
  9635 | Lair:1   | Reached skill level 10 in Spellcasting
  9683 | Lair:1   | Reached skill level 5 in Conjurations
  9832 | Lair:1   | Lost mutation: You have an increased reservoir of magic.
                  | (+10% MP) [potion of mutation]
  9832 | Lair:1   | Lost mutation: You occasionally lose the ability to drink
                  | potions when taking damage. [potion of mutation]
  9832 | Lair:1   | Gained mutation: You are robust. (+10% HP) [potion of
                  | mutation]
  9832 | Lair:1   | Gained mutation: Your muscles are strong. (Str +4, Int/Dex
                  | -1) [potion of mutation]
  9832 | Lair:1   | Gained mutation: Your flesh is cold resistant. (rC+)
                  | [potion of mutation]
 10079 | Lair:1   | Noticed an alligator
 10079 | Lair:1   | Noticed an anaconda
 10097 | Lair:1   | HP: 1/83 [alligator (13)]
 10097 | Lair:1   | Mangled by an alligator

Illustrated notes

Levels and vault maps discovered:
D:1:      wander_arrival_estate, layout_loops_corners, basic_ecumenical_altar,
          minmay_misc_feat_enclosed, minmay_pentomino_s2
D:2:      layout_basic, uniq_crazy_yiuf_cottage, uniq_sigmund, uniq_natasha
D:3:      layout_basic, tgw_trog, grunt_decor_resistance, nrook_uturn
D:4:      layout_rooms, serial_shops, kennysheep_mini_moat, shop,
          nicolae_diamond_shop, nicolae_shop_statue_plus, glass_columns_a
D:5:      layout_loops_corners, tso_oasis_becter
D:6:      layout_loops_corners, uniq_grinder
D:7:      layout_loops_ring, minmay_temple_entry_grid, guppyfry_early_elven_hall
D:8:      minmay_recursive_quarters, layout_basic,
          gammafunk_temple_overflow_wave,
          chequers_temple_overflow_statue_of_worship, dpeg_lair_monsters,
          special_room [special_room_orc], ebering_ghost_xom,
          hellmonk_bongcloud_opening, uniq_grum
D:9:      layout_rooms, zombieorc2_lemuel, serial_shops, kennysheep_little_box
D:10:     kennysheep_blocky_hall, layout_irregular_city, serial_shops,
          nicolae_inconvenience_store, eino_house_with_fridge
D:11:     layout_rooms, uniq_harold, uniq_erolcha
Temple:   nicolae_temple_elliptical
Lair:1:   layout_regular_city, nicolae_lair_lakeside_cave
Orc:1:    layout_caves, serial_shops, shop, basic_altar, nicolae_orc_rich_vein

Skill      XL: |  1  2  3  4  5  6  7  8  9 10 11 12 |
---------------+-------------------------------------+-----
Stealth        | 2 3 |  3.1
Fighting       | 2 3 4 5 6 7 8 9 |  9.1
Ranged Weapons | 7 9 11 13 15 17 18 19 | 19.5
Dodging        | 3 |  3.1
Spellcasting   | 4 7 9 10 | 10.2
Hexes          | 2 5 6 |  6.0
Conjurations   | 3 5 |  5.0
Armour         | |  0.3
Evocations     | |  0.3

Action                     |  1- 3 |  4- 6 |  7- 9 | 10-12 || total
---------------------------+-------+-------+-------+-------++-------
   Fire: Shortbow          |    79 |    55 |       |       ||   134
         Arbalest          |       |    40 |   190 |   332 ||   562
   Cast: Fulminant Prism   |       |       |       |     7 ||     7
         Blink             |       |       |       |     7 ||     7
         Slow              |       |       |       |     3 ||     3
  Evoke: Wand              |       |       |       |     2 ||     2
    Use: Scroll            |     3 |     2 |     8 |     6 ||    19
         Potion            |       |     1 |     4 |     3 ||     8
 Armour: Leather armour    |    10 |     7 |       |       ||    17
         Robe              |       |       |    17 |    21 ||    38
  Dodge: Dodged            |    26 |    12 |    48 |    68 ||   154
